 Dungeon Crawl Stone Soup version 0.22-a0-855-g415d086bb8 (webtiles) character file.

55468 PikkenKukken the Impaler (level 14, -2/174 HPs)
             Began as a Merfolk Fighter on July 27, 2018.
             Was a High Priest of the Shining One.
             Slain by an orc knight
             ... wielding a +1 war axe of freezing
              (4 damage)
             ... on level 2 of the Orcish Mines.
             The game lasted 00:58:58 (22662 turns).

PikkenKukken the Impaler (Merfolk Fighter)         Turns: 22662, Time: 00:58:58

Health: -2/174     AC: 22    Str: 24    XL:     14   Next: 77%
Magic:  33/35      EV: 14    Int:  8    God:    the Shining One [*****.]
Gold:   1424       SH: 10    Dex: 19    Spells: 25/29 levels left

rFire    + . .     SeeInvis +   I - +8 glaive of the Guard {elec, +Rage AC+5 SInv}
rCold    . . .     Gourm    .   (shield currently unavailable)
rNeg     + + .     Faith    .   O - +2 fire dragon scales
rPois    +         Spirit   .   H - +1 hat {MR+}
rElec    .         Reflect  .   G - +0 cloak
rCorr    .         Harm     .   N - +0 pair of gloves
MR       ++...                  (no boots)
Stlth    ..........             (no amulet)
HPRegen  0.39/turn              v - ring "Meophocrula" {Ice rPois}
MPRegen  0.24/turn              C - ring "Ruefuh" {rPois MP+9 Dex+4}

@: berserking, divine shield, glowing, very quick
A: change form in water, swift swim, stealthy swim
a: Divine Shield, Cleansing Flame, Summon Divine Warrior, Renounce Religion,
Evoke Berserk Rage


You were on level 2 of the Orcish Mines.
You worshipped the Shining One.
The Shining One was extremely pleased with you.
You were not hungry.

You visited 3 branches of the dungeon, and saw 17 of its levels.

You collected 1934 gold pieces.
You spent 510 gold pieces at shops.

Inventory:

Hand Weapons
 a - a +1 trident
 I - the +8 glaive of the Guard (weapon) {elec, +Rage AC+5 SInv}
   (You found it on level 9 of the Dungeon)

   Occasionally, upon striking a foe, it will discharge some electrical energy
   and cause terrible harm.
   It affects your AC (+5).
   It lets you see invisible.
   It lets you go berserk.
Armour
 E - the +0 shield of Gopniwn {Str+6 Dex+4}
   (You bought it in a shop on level 6 of the Dungeon)

   It affects your strength (+6).
   It affects your dexterity (+4).
 G - a +0 cloak (worn)
 H - a +1 hat of magic resistance (worn)
 N - a +0 pair of gloves (worn)
 O - +2 fire dragon scales (worn)
 P - a +2 chain mail of cold resistance
Jewellery
 b - a +2 ring of evasion
 c - a +3 ring of dexterity
 j - an uncursed ring of protection from cold
 p - an uncursed ring of resist corrosion
 v - the ring "Meophocrula" (left hand) {Ice rPois}
   (You found it on level 5 of the Dungeon)

   [ring of ice]

   It enhances your ice magic.
   It makes you vulnerable to fire.
   It protects you from cold.
   It protects you from poison.
 y - a +4 ring of intelligence
 z - an uncursed ring of protection from cold
 A - an uncursed ring of stealth
 C - the ring "Ruefuh" (right hand) {rPois MP+9 Dex+4}
   (You acquired it on level 4 of the Lair of Beasts)

   [ring of magical power]

   It affects your dexterity (+4).
   It protects you from poison.
   It affects your magic capacity (+9).
 Q - an uncursed ring of stealth
Wands
 l - a wand of paralysis (2)
 n - a wand of flame (6)
 D - a wand of digging (16)
 L - a wand of iceblast (5)
 U - a wand of acid (11)
Scrolls
 o - a scroll of torment
 r - 10 scrolls of teleportation
 t - 7 scrolls of remove curse
 u - 2 scrolls of magic mapping
 x - a scroll of enchant armour
 B - a scroll of blinking
 J - a scroll of fear
 V - a scroll of holy word {unknown}
Potions
 d - 2 potions of might
 e - a potion of agility
 g - a potion of haste
 h - a potion of magic
 i - 3 potions of lignification
 k - 4 potions of curing
 m - a potion of invisibility {unknown}
 q - a potion of brilliance
 s - 4 potions of heal wounds
 w - 5 potions of flight
 F - a potion of berserk rage {unknown}
 R - a potion of resistance {unknown}
 S - a potion of cancellation {unknown}
Miscellaneous
 M - 2 phantom mirrors
Comestibles
 f - 27 rations


   Skills:
 + Level 12.3 Fighting
 + Level 15.2 Polearms
 + Level 9.0 Armour
 - Level 6.0 Dodging
 - Level 7.7 Shields
 - Level 8.0 Spellcasting
 - Level 11.0 Invocations
 - Level 7.0 Evocations


You had 25 spell levels left.
You knew the following spells:

 Your Spells              Type           Power        Failure   Level  Hunger
a - Summon Ice Beast      Ice/Summ       #.......     99%         4    ####...

Your spell library contained the following spells:

 Spells                   Type           Power        Failure   Level  Hunger
 Cause Fear               Hex            #.........   99%         4    ####...
 Magic Dart               Conj           #...         43%         1    None
 Bolt of Fire             Conj/Fire      #.........   100%        6    #######
 Animate Dead             Necr           N/A          99%         4    ####...
 Recall                   Summ/Tloc      N/A          82%         3    ###....
 Dragon Form              Tmut           #.........   100%        7    #######
 Death Channel            Necr           #.........   100%        6    #######
 Flame Tongue             Conj/Fire      #....        43%         1    None
 Call Canine Familiar     Summ           #.......     82%         3    ###....
 Summon Butterflies       Summ           #.......     43%         1    None
 Simulacrum               Ice/Necr       #.........   100%        6    #######
 Summon Hydra             Summ           #.........   100%        7    #######
 Dragon's Call            Summ           #.........   100%        9    #######
 Summon Mana Viper        Hex/Summ       #.......     100%        5    ######.
 Borgnjor's Vile Clutch   Necr/Erth      #.........   100%        5    ######.


Dungeon Overview and Level Annotations

Branches:
Dungeon (9/15)             Temple (0/1) D:6            Lair (6/6) D:9
  Swamp (0/4) Lair:4        Snake (0/4) Lair:2        Slime (0/5) Lair:6
    Orc (2/2) D:9             Elf (0/3) Orc:2

Altars:
Hepliaklqana
Kikubaaqudgha
Qazlal
Sif Muna
Vehumet
Zin
The Shining One
Jiyva

Shops:
D:6 *[*[(   D:7 ?   Orc:2 [(

Annotations:
Lair:3 exclusion: 2 oklob plants


Message History

You hit the orc warlord but do no damage.
Lightning courses through the orc warlord!
The orc warlord is heavily wounded.
The orc warlord hits you with a great sword.
The orc wizard closely misses you. The orc hits you.
The orc knight hits you with a war axe of freezing!!
The orc knight freezes you!
* * * LOW HITPOINT WARNING * * *
You slash the orc warlord!
The orc warlord is heavily wounded.
You block the orc warrior's attack. The orc wizard closely misses you.
You slice the orc warlord!!
The orc warlord is almost dead.
The orc warlord hits you with a great sword!!!
* * * LOW HITPOINT WARNING * * *
You block the orc's attack. The orc wizard barely misses you.
The orc knight hits you with a war axe of freezing!
* * * LOW HITPOINT WARNING * * *
The orc knight freezes you.
You die...

...........
........................
..........$.............
............ ...........
#.......... ............
..$..... .............
#...o.#.#.# .........
#..)oo...# ..###.#.
#.[@o..# ##.#o### ## ##


You could see an orc warlord, an orc knight, an orc warrior, an orc wizard and
an orc.

Vanquished Creatures
  Gastronok (Lair:2)
  An azure jelly (Lair:6)
  A stone giant (Orc:1)
  Fannar (Lair:2)
  Josephine (Orc:1)
  4 hydras
  4 two-headed ogres
  3 death yaks
  Nergalle (Lair:2)
  The ghost of flinch the Geomancer, a novice OpEE of Vehumet (D:8)
  14 spriggans (Lair:6)
  7 orc knights
  9 elephants
  10 black mambas
  11 spiny frogs
  A rime drake (Lair:3)
  7 komodo dragons
  The ghost of kroki the Shield-Bearer, an amateur MiFi (D:5)
  5 polar bears (Lair:6)
  6 trolls
  5 hornets (Lair:6)
  16 blink frogs
  7 hippogriffs
  4 wraiths
  A wyvern (Lair:6)
  19 yaks
  5 basilisks
  Eustachio (D:4)
  2 hungry ghosts
  Menkaure (D:7)
  2 wargs
  A naga (Lair:2)
  7 water moccasins
  5 porcupines
  2 ice beasts (D:6)
  30 orc warriors
  2 phantoms
  5 black bears
  4 boggarts (Lair:6)
  27 wolves (Lair:6)
  13 ogres
  A centaur (D:7)
  10 crocodiles
  Blork the orc (D:4)
  7 bullfrogs
  5 scorpions
  8 wights
  6 howler monkeys
  2 electric eels (Lair:5)
  2 centaur zombies
  4 crimson imps
  A jelly (D:7)
  A centaur skeleton (D:4)
  2 hounds
  10 orc priests
  14 orc wizards
  A bullfrog skeleton (D:7)
  A hell rat (D:9)
  4 worker ants
  2 hound zombies
  A hound skeleton (D:5)
  Robin (D:3)
  10 gnolls
  16 adders
  2 shadow imps
  An ooze (D:6)
  An adder zombie (D:6)
  3 worms
  A dart slug (D:3)
  6 leopard geckos
  60 orcs
  6 bats
  5 giant cockroaches
  10 hobgoblins
  14 jackals
  5 quokkas
  6 ball pythons
  3 frilled lizards
  14 goblins
  11 kobolds
  A leopard gecko zombie (D:6)
  A quokka skeleton (D:7)
  A quokka zombie (D:9)
  9 rats
  2 fungi
520 creatures vanquished.

Vanquished Creatures (others)
  9 fungi
  6 plants
  A withered plant (D:8)
16 creatures vanquished.

Grand Total: 536 creatures vanquished

Notes
Turn   | Place    | Note
-------+----------+-------------------------------------------
     0 | D:1      | PikkenKukken the Merfolk Fighter began the quest for the Orb.
     0 | D:1      | Reached XP level 1. HP: 18/18 MP: 1/1
   145 | D:1      | Reached XP level 2. HP: 17/24 MP: 2/2
   833 | D:2      | Reached XP level 3. HP: 12/29 MP: 4/4
  1123 | D:2      | Reached skill level 1 in Spellcasting
  1164 | D:2      | Reached XP level 4. HP: 26/37 MP: 5/5
  1437 | D:2      | Found a glowing golden altar of the Shining One.
  1440 | D:2      | Became a worshipper of the Shining One
  1897 | D:3      | Reached skill level 4 in Polearms
  2255 | D:3      | Reached XP level 5. HP: 35/42 MP: 7/7
  2672 | D:3      | Noticed Robin
  3058 | D:3      | Killed Robin
  3429 | D:4      | Reached XP level 6. HP: 45/48 MP: 8/8
  3662 | D:4      | Reached skill level 5 in Polearms
  3995 | D:4      | Noticed Eustachio
  4354 | D:4      | Killed Eustachio
  4354 | D:4      | Reached XP level 7. HP: 54/55 MP: 9/11
  4396 | D:4      | Reached * piety under the Shining One
  4444 | D:4      | Noticed Blork the orc
  4457 | D:4      | Killed Blork the orc
  4457 | D:4      | Reached skill level 5 in Fighting
  4544 | D:5      | Entered Level 5 of the Dungeon
  4572 | D:5      | Got a sparkling copper ring
  4573 | D:5      | Identified the ring "Meophocrula" {Ice rPois} (You found it on level 5 of the Dungeon)
  5010 | D:5      | Reached skill level 6 in Polearms
  5246 | D:5      | Reached skill level 1 in Invocations
  5246 | D:5      | Reached XP level 8. HP: 37/62 MP: 12/12
  5373 | D:5      | Found a large runed door.
  5374 | D:5      | Found a large runed door.
  5379 | D:5      | Noticed kroki's ghost (amateur MiFi)
  5654 | D:6      | Reached skill level 5 in Shields
  5742 | D:6      | Found a staircase to the Ecumenical Temple.
  5889 | D:6      | Found Wuedd's Antique Weapon Shoppe.
  5957 | D:6      | Found Losoxon's Assorted Antiques.
  5961 | D:6      | Bought a scroll of identify for 52 gold pieces
  5961 | D:6      | Bought a sedimented black potion for 23 gold pieces
  5961 | D:6      | Bought 2 scrolls labeled ROHEUXE WAIK for 52 gold pieces
  5962 | D:6      | Found Udou's Armour Boutique.
  6156 | D:6      | Found Ruic's Antique Armour Shoppe.
  6210 | D:6      | Found Beal's General Store.
  6277 | D:6      | Reached ** piety under the Shining One
  6305 | D:6      | Reached skill level 7 in Polearms
  6577 | D:6      | Found a stormy altar of Qazlal.
  6583 | D:6      | Found a glowing silver altar of Zin.
  6831 | D:7      | Noticed Menkaure
  6844 | D:7      | Killed Menkaure
  6844 | D:7      | Reached XP level 9. HP: 59/69 MP: 13/15
  6893 | D:7      | Found Jattich's Magic Scroll Shoppe.
  6921 | D:7      | Noticed a two-headed ogre
  6930 | D:7      | Killed a two-headed ogre
  6930 | D:7      | Reached skill level 8 in Polearms
  7291 | D:7      | Noticed a two-headed ogre
  7615 | D:7      | Reached skill level 5 in Spellcasting
  7790 | D:7      | Got a crystal falchion {speed}
  8121 | D:7      | Reached skill level 5 in Armour
  8283 | D:7      | Reached XP level 10. HP: 79/79 MP: 17/17
  8386 | D:7      | Killed a two-headed ogre
  8386 | D:7      | Reached skill level 9 in Polearms
  8386 | D:7      | Reached skill level 5 in Invocations
  8877 | D:6      | Bought the cursed +0 shield of Gopniwn {Str+6 Dex+4} for 383 gold pieces
  8989 | D:8      | Reached *** piety under the Shining One
  9174 | D:8      | Noticed a two-headed ogre
  9189 | D:8      | Killed a two-headed ogre
  9286 | D:8      | Found a runed door.
  9287 | D:8      | Noticed flinch's ghost (novice OpEE)
  9326 | D:8      | Noticed a two-headed ogre
  9346 | D:8      | Killed a two-headed ogre
  9504 | D:9      | Noticed a death yak
  9508 | D:9      | Noticed a death yak
  9509 | D:9      | Noticed a death yak
  9530 | D:8      | Killed a death yak
  9530 | D:8      | Reached skill level 10 in Polearms
  9530 | D:8      | Reached XP level 11. HP: 50/86 MP: 18/20
  9793 | D:5      | Killed kroki's ghost
 10201 | D:9      | Found a radiant altar of Vehumet.
 10204 | D:9      | Identified Vehumet's Catalogue of Attacks
 10430 | D:9      | Found a staircase to the Orcish Mines.
 10473 | D:9      | Found an ancient bone altar of Kikubaaqudgha.
 10475 | D:9      | Found a deep blue altar of Sif Muna.
 10510 | D:9      | Found the +8 glaive of the Guard {elec, +Rage AC+5 SInv}
 10649 | D:9      | Killed a death yak
 10649 | D:9      | Reached skill level 1 in Dodging
 10650 | D:9      | Found a staircase to the Lair.
 10656 | D:9      | Killed a death yak
 11154 | Lair:1   | Entered Level 1 of the Lair of Beasts
 11157 | Lair:1   | Noticed an eight-headed hydra
 11164 | Lair:1   | Killed an 11-headed hydra
 11512 | Lair:1   | Reached skill level 1 in Evocations
 11708 | Lair:1   | Reached skill level 11 in Polearms
 12129 | Lair:2   | Noticed Fannar
 12145 | Lair:2   | Killed Fannar
 12160 | Lair:2   | Reached XP level 12. HP: 66/95 MP: 22/22
 12317 | Lair:2   | Found a staircase to the Snake Pit.
 12361 | Lair:2   | Noticed Nergalle
 12370 | Lair:2   | Killed Nergalle
 12370 | Lair:2   | Reached skill level 5 in Dodging
 12507 | Lair:2   | Noticed Gastronok
 12518 | Lair:2   | Killed Gastronok
 12932 | Lair:3   | Noticed a six-headed hydra
 12946 | Lair:3   | Killed an 11-headed hydra
 13319 | Lair:3   | Reached skill level 12 in Polearms
 13427 | Lair:3   | Reached skill level 10 in Fighting
 13652 | Lair:3   | Reached XP level 13. HP: 70/103 MP: 24/24
 13812 | Lair:3   | Reached **** piety under the Shining One
 13876 | Lair:3   | Found a hazy altar of Hepliaklqana.
 14556 | Lair:4   | Found a staircase to the Swamp.
 14563 | Lair:4   | Reached skill level 5 in Evocations
 14922 | Lair:4   | Identified a scroll of acquirement
 14925 | Lair:4   | Got a twitching amber ring
 14927 | Lair:4   | Identified the ring "Ruefuh" {rPois MP+9 Dex+4} (You acquired it on level 4 of the Lair of Beasts)
 15120 | Lair:5   | Reached skill level 13 in Polearms
 16409 | D:8      | Killed flinch's ghost
 16552 | Lair:6   | Entered Level 6 of the Lair of Beasts
 16754 | Lair:6   | Found a runed door.
 16754 | Lair:6   | Found a viscous altar of Jiyva.
 16755 | Lair:6   | Found a staircase to the Slime Pits.
 16755 | Lair:6   | Noticed an azure jelly
 16929 | Lair:6   | Reached skill level 10 in Invocations
 17813 | Lair:6   | Reached skill level 14 in Polearms
 17995 | Lair:6   | Reached XP level 14. HP: 113/113 MP: 25/25
 19398 | Lair:6   | Learned a level 4 spell: Summon Ice Beast
 19456 | Lair:6   | Killed an azure jelly
 19825 | Orc:1    | Entered Level 1 of the Orcish Mines
 19825 | Orc:1    | Noticed a stone giant
 19836 | Orc:1    | Killed a stone giant
 20104 | Orc:1    | Noticed Josephine
 20112 | Orc:1    | Killed Josephine
 20791 | Orc:2    | Entered Level 2 of the Orcish Mines
 20822 | Orc:2    | Found Javeok Hauc's Antique Armour Shoppe.
 21030 | Orc:2    | Found a staircase to the Elven Halls.
 21034 | Orc:2    | Found Otzugad's Antique Weapon Shoppe.
 21422 | Orc:2    | Reached skill level 15 in Polearms
 21602 | Orc:2    | Reached ***** piety under the Shining One
 22096 | Orc:2    | Noticed an orc warlord
 22662 | Orc:2    | HP: 2/174 [orc knight/war axe of freezing (10)]
 22662 | Orc:2    | Slain by an orc knight

Vault maps used:
D:1:      grunt_arrival_lava_bath, minmay_shallow_snake_nest
D:2:      tso_oasis_becter
D:3:      first_ration, minmay_cupped, uniq_robin
D:4:      st_stairs_7, uniq_blork_the_orc, uniq_eustachio
D:5:      ebering_ghost_disaster_area, minivault_19
D:6:      amethyst_overflow_temple_binary, minmay_temple_entry_trees,
          serial_shops, nicolae_shop_overgrown_old_shop, nicolae_shop_crystal,
          shop, shop, nicolae_shop_crystal, st_stairs_8
D:7:      minmay_the_grid_octo_tiled_squarecenter, serial_shops, shop,
          uniq_menkaure
D:8:      gammafunk_ghost_grave
D:9:      grunt_temple_overflow_magic_moments, dpeg_lair_monsters, orc_david_3,
          grunt_ogre_cave
Lair:2:   guppyfry_snake_entry_island, st_stairs_11, wad_woods_03,
          serial_bayou_shore_b, uniq_nergalle, uniq_fannar, uniq_gastronok
Lair:3:   basic_altar, grunt_megastairs_3, minmay_lair_oklob_chamber
Lair:4:   swamp_mist, minivault_24
Lair:5:   serial_bayou_shore_a, serial_bayou_shore_b
Lair:6:   minmay_lair_end_enchanted_forest, slime_altar_2
Orc:1:    uniq_josephine
Orc:2:    grunt_orc_gardens, grunt_orc_garden, grunt_orc_garden,
          grunt_orc_garden, grunt_orc_garden, basic_altar

Skill      XL: |  1  2  3  4  5  6  7  8  9 10 11 12 13 14 |
---------------+-------------------------------------------+-----
Spellcasting   | 1 2 3 4 5 6 7 8 |  8.0
Polearms       | 4 5 6 7 8 10 11 12 14 15 | 15.2
Fighting       | 4 5 6 7 8 9 10 11 12 | 12.3
Armour         | 3 4 5 6 7 8 9 |  9.0
Shields        | 4 5 6 7 |  7.7
Invocations    | 1 3 4 6 7 8 10 11 | 11.0
Dodging        | 4 6 |  6.0
Evocations     | 2 4 5 7 |  7.0

Action                   |  1- 3 |  4- 6 |  7- 9 | 10-12 | 13-15 || total
-------------------------+-------+-------+-------+-------+-------++-------
Melee: Trident           |   140 |   340 |   374 |   215 |       ||  1069
       Glaive            |       |       |       |   209 |   598 ||   807
       Tailslap          |       |       |       |       |     1 ||     1
Invok: Divine Shield     |       |       |     1 |     6 |     5 ||    12
 Abil: Evoke Berserk Rag |       |       |       |     4 |    12 ||    16
Evoke: Wand              |       |       |       |     2 |    12 ||    14
  Use: Scroll            |     2 |     5 |    10 |     8 |     4 ||    29
       Potion            |       |       |     5 |     1 |     1 ||     7
  Eat: Chunk             |     1 |     9 |     9 |    11 |    19 ||    49
       Ration            |       |     1 |     3 |     4 |     6 ||    14
Armor: Scale mail        |    66 |    33 |       |       |       ||    99
       Chain mail        |       |   113 |    40 |       |       ||   153
       Plate armour      |       |       |    86 |    92 |       ||   178
       Skin              |       |       |       |     4 |       ||     4
       Fire dragon scale |       |       |       |    50 |   249 ||   299
Dodge: Dodged            |    35 |    70 |    69 |   158 |   349 ||   681
Block: Shield            |    78 |   136 |   140 |    67 |       ||   421
       Other             |       |       |       |    17 |    46 ||    63

Table legend:
 A = Spawn XP
 B = Non-spawn XP
 C = Spawn XP percentage of total XP
 D = Spawn monster count
 E = Non-spawn monster count
 F = Spawn count percentage of total count
 G = Total turns spent on level
                    A         B        C        D         E        F      G
               +---------+---------+-------+---------+---------+-------+---------
         Total |       0 |   79241 |   0.0 |       0 |     518 |   0.0 | 22662
               +---------+---------+-------+---------+---------+-------+---------
           D:1 |       0 |      28 |   0.0 |       0 |      17 |   0.0 |   791
           D:2 |       0 |      97 |   0.0 |       0 |      29 |   0.0 |  1394
           D:3 |       0 |     189 |   0.0 |       0 |      41 |   0.0 |  1440
           D:4 |       0 |     645 |   0.0 |       0 |      15 |   0.0 |  1109
           D:5 |       0 |     641 |   0.0 |       0 |      11 |   0.0 |   832
           D:6 |       0 |     969 |   0.0 |       0 |      29 |   0.0 |  2028
           D:7 |       0 |    3728 |   0.0 |       0 |      42 |   0.0 |  1493
           D:8 |       0 |    4363 |   0.0 |       0 |      21 |   0.0 |   970
           D:9 |       0 |    3102 |   0.0 |       0 |      34 |   0.0 |  1672
        Lair:1 |       0 |    3686 |   0.0 |       0 |      12 |   0.0 |   839
        Lair:2 |       0 |    6079 |   0.0 |       0 |      12 |   0.0 |   984
        Lair:3 |       0 |   10705 |   0.0 |       0 |      32 |   0.0 |  1340
        Lair:4 |       0 |    4002 |   0.0 |       0 |      16 |   0.0 |   922
        Lair:5 |       0 |    5844 |   0.0 |       0 |      21 |   0.0 |  1391
        Lair:6 |       0 |   20519 |   0.0 |       0 |      86 |   0.0 |  2758
         Orc:1 |       0 |   10175 |   0.0 |       0 |      65 |   0.0 |  2005
         Orc:2 |       0 |    4469 |   0.0 |       0 |      35 |   0.0 |   694
               +---------+---------+-------+---------+---------+-------+---------
